← All builds
Suicide front / Armada / Factory first / OBSERVED BUILD

Standard suicide front

Bot Lab first into Rocketeer/Centurion/Pawn to contest the middle early and hold until T2 arrives, the role's baseline play.

Usually lab first (62%)

#rush · 1185 distinct matches · 125 players · 71% of Armada Suicide front games · team won 60% of 1411 · Recently observed

HOW TO PLAY IT

Key timing: Bot Lab by 0:20

  1. Open with mex and wind, drop Bot Lab immediately.
  2. Push out first "Centurion" as Pond's boost lands.
  3. Send "Rocketeer", "Centurion", "Pawn" mix to contest middle.
  4. Add Dragon's Teeth and Sentries to hold the line.
  5. Get Advanced Metal Extractor up as T2 nears.

Phase by phase

TYPICAL OF ITS 1185 GAMES
  1. 1
  2. 2
  3. 3
PLAY THE OPENING

Follow the example game's first 6:00 step by step: what to build now, what comes next, and where it goes. At 1× it keeps pace with your own game.

  1. 1

    Bot Lab first

    Order
    1. Bot LabBot Lab done ~0:20, middle half 0:20–0:33

    Some games also: mex (37%)

  2. 2

    Bot Lab to 5:00

    Economy
    • Metal Extractor5Mex
    • Wind Turbine4Wind
    Builders
    • Construction Bot3 Con bot
    • Lazarus2 Lazarus
    Army
    • Sentry4 Sentry
    • Rocketeer18 Rocketeer
    • Tick2 Tick
    • Centurion1 Centurion
    Other
    • Radar Tower1 Radar Tower

    Some games also: con turret (35%) · pawn (31%)

    By 5:00 in all: 5 mex · 5 wind

    The example game in this phase · 42 steps
    1. Mex
    2. LazarusLazarus
    3. TickTick
    4. Wind
    5. TickTick
    6. LazarusLazarus
    7. Wind
    8. PawnPawn ×2
    9. LazarusLazarus
    10. PawnPawn ×2
    11. Construction BotCon bot ×2
    12. CenturionCenturion
    13. Mex ×2
    14. RocketeerRocketeer
    15. Mex
    16. RocketeerRocketeer
    17. SentrySentry
    18. RocketeerRocketeer
    19. Mex
    20. RocketeerRocketeer
    21. SentrySentry
    22. RocketeerRocketeer ×2
    23. SentrySentry
    24. RocketeerRocketeer ×3
    25. Radar TowerRadar Tower
    26. RocketeerRocketeer
    27. SentrySentry
    28. LazarusLazarus
    29. Construction BotCon bot
    30. CenturionCenturion
    31. Solar
    32. LazarusLazarus
    33. CenturionCenturion
    34. SentrySentry
    35. Dragon's TeethDragon's Teeth ×4
    36. SentrySentry
    37. Construction BotCon bot
    38. Dragon's TeethDragon's Teeth
    39. Construction BotCon bot
    40. RocketeerRocketeer ×4
    41. SentrySentry
    42. RocketeerRocketeer
  3. 3

    5:00 to 10:00

    Economy
    • Metal Extractor1Mex
    • Wind Turbine17Wind
    Builders
    • Construction Turret2 Con turret
    • Lazarus2 Lazarus
    • Construction Bot1 Con bot
    Army
    • Sentry1 Sentry
    • Rocketeer8 Rocketeer
    • Pawn1 Pawn

    Some games also: tick (48%) · Radar Tower (47%) · energy storage (46%) · centurion (45%) · Beamer (38%)

    By 10:00 in all: 6 mex · 23 wind · 1 energy storage · 3 con turret

    The example game in this phase · 177 steps
    1. RocketeerRocketeer ×2
    2. SentrySentry
    3. RocketeerRocketeer ×2
    4. SentrySentry
    5. RocketeerRocketeer
    6. SentrySentry ×3
    7. RocketeerRocketeer
    8. LazarusLazarus
    9. Radar TowerRadar Tower
    10. Wind ×2
    11. LazarusLazarus
    12. Wind ×2
    13. SentrySentry
    14. Wind ×2
    15. Construction BotCon bot
    16. Wind ×2
    17. RocketeerRocketeer
    18. Con turret
    19. Construction BotCon bot
    20. RocketeerRocketeer
    21. Mex
    22. Energy storage
    23. RocketeerRocketeer ×2
    24. CenturionCenturion
    25. Wind ×2
    26. CenturionCenturion
    27. Wind ×2
    28. CenturionCenturion
    29. SentrySentry
    30. Wind
    31. CenturionCenturion
    32. SentrySentry
    33. Wind ×2
    34. Radar TowerRadar Tower
    35. CenturionCenturion
    36. Wind ×2
    37. PawnPawn ×2
    38. Wind
    39. PawnPawn ×2
    40. Advanced Metal ExtractorT2 mexdone 9:26 · typical 9:37
    41. PawnPawn ×3
    42. Energy storage
    43. Wind
    44. PawnPawn
    45. Wind
    46. PawnPawn
    47. Wind
    48. Advanced Metal ExtractorT2 mex
    49. PawnPawn
    50. Wind
    51. PawnPawn
    52. Wind
    53. PawnPawn
    54. Wind
    55. PawnPawn
    56. Advanced Metal ExtractorT2 mex
    57. Wind
    58. PawnPawn
    59. Wind
    60. Advanced Metal ExtractorT2 mex
    61. Mex
    62. PawnPawn ×3
    63. Dragon's TeethDragon's Teeth ×4
    64. Con turret
    65. Dragon's TeethDragon's Teeth
    66. PawnPawn
    67. Dragon's TeethDragon's Teeth ×3
    68. Fortification WallFortification Wall
    69. Dragon's TeethDragon's Teeth ×2
    70. Fortification WallFortification Wall
    71. Dragon's TeethDragon's Teeth
    72. CenturionCenturion
    73. Dragon's TeethDragon's Teeth
    74. Fortification WallFortification Wall
    75. Dragon's TeethDragon's Teeth
    76. Fortification WallFortification Wall
    77. Con turret
    78. Fortification WallFortification Wall ×2
    79. Dragon's TeethDragon's Teeth ×3
    80. CenturionCenturion
    81. Con turret
    82. Pit BullPit Bull
    83. Dragon's TeethDragon's Teeth ×5
    84. Wind
    85. Dragon's TeethDragon's Teeth
    86. CenturionCenturion
    87. Wind
    88. CenturionCenturion
    89. PawnPawn
    90. TickTick
    91. Wind
    92. TickTick ×8
    93. Wind
    94. Advanced Metal ExtractorT2 mex
    95. TickTick ×7
    96. Vehicle PlantVehicle Plantdone 12:50
    97. TickTick ×4
    98. Wind
    99. TickTick ×6
    100. Fortification WallFortification Wall
    101. TickTick
    102. Fortification WallFortification Wall
    103. BlitzBlitz
    104. Fortification WallFortification Wall
    105. TickTick
    106. Wind
    107. BlitzBlitz
    108. Fortification WallFortification Wall
    109. TickTick
    110. BlitzBlitz
    111. TickTick
    112. BlitzBlitz
    113. TickTick
    114. Wind
    115. TickTick
    116. BlitzBlitz
    117. TickTick
    118. BlitzBlitz
    119. TickTick
    120. Wind
    121. BlitzBlitz
    122. TickTick
    123. Wind
    124. TickTick
    125. Dragon's TeethDragon's Teeth
    126. BlitzBlitz
    127. Wind
    128. TickTick
    129. Dragon's TeethDragon's Teeth ×3
    130. Wind
    131. TickTick
    132. BlitzBlitz
    133. Dragon's TeethDragon's Teeth ×2
    134. Wind
    135. Dragon's TeethDragon's Teeth
    136. TickTick
    137. Dragon's TeethDragon's Teeth ×2
    138. TickTick
    139. BlitzBlitz
    140. Wind
    141. VeilVeil
    142. TickTick
    143. BlitzBlitz
    144. TickTick ×2
    145. Wind
    146. BlitzBlitz
    147. TickTick
    148. Wind ×2
    149. TickTick
    150. BlitzBlitz
    151. Wind
    152. TickTick ×2
    153. BlitzBlitz
    154. Wind
    155. TickTick
    156. BlitzBlitz
    157. TickTick
    158. Wind
    159. TickTick
    160. BlitzBlitz
    161. TickTick
    162. Wind
    163. TickTick
    164. BlitzBlitz
    165. TickTick
    166. BlitzBlitz
    167. TickTick
    168. BlitzBlitz
    169. TickTick
    170. RattlesnakeRattlesnakenot finished by 15:00
    171. BlitzBlitz
    172. TickTick ×2
    173. BlitzBlitz
    174. TickTick
    175. Advanced solar
    176. TickTick
    177. BlitzBlitz

Counts are medians over the build's games: half of them build more, half fewer. The example game is Immort's (55 OS, 24/09/2026); pick another.

Team trades

IN AT LEAST 30% OF ITS GAMES

You hand over

Nothing regular.

You get

  • Tidal Generator4 Tidal from Pondfirst at 0:10 · in 69% of games
  • Advanced Construction Bot1 T2 con bot from Geo or Techfirst at 7:30 · in 58% of games

How it plays out

Typical game of this build, running totals by minute

Metal produced

010k20k30k
0:005:0010:0015:00

metal

Enemy metal destroyed

05k10k
0:005:0010:0015:00

metal

Own metal lost

05k10k
0:005:0010:0015:00

metal

1411 games.

Show as table
ByMetal produced: This buildEnemy metal destroyed: This buildOwn metal lost: This build
1:0022600
2:0088900
3:002056172106
4:003161660486
5:00423614131020
6:00543023271785
7:00666131792732
8:00791040353631
9:00929848164516
10:001068854265336
11:001224158986080
12:001402465176842
13:001604270137523
14:001796976808336
15:002029783029228
WHAT THE NUMBERS SAY

Standard suicide front play wins slightly more than half its games with fast kills but also fast losses, matching the raw grind of the role.

  • + First kill lands by 2:04 in all games
  • + Metal produced reaches 19882 by 15:00
  • − Own metal lost hits 9208 by 15:00, near metal destroyed of 8172
  • − First unit lost as early as 2:08 in every game
THE EXAMPLE YOU ARE READING

Immort

55.4 OS · 24/09/2026

Open source match ↗

5 received units · includes a constructor
222 metal received · 29742 energy received

Allied construction assistance is unknown. Timings are observations, not a promise of solo reproducibility.

Typical milestones

Bot Lab0:20Middle 50%: 0:20–0:33 · n=1405
Advanced Metal Extractor9:37Middle 50%: 8:41–10:48 · n=1035

Played most by

_X_252games of this buildPlatinumBlonde166games of this buildXad109games of this buildImmort62games of this buildwatermeloans58games of this build